 Dungeon Crawl Stone Soup version 0.32-a0-818-gb728d0252e (webtiles) character file.

Game seed: 14399099642454307545

75 AstroCodex24 the Shield-Bearer (level 4, -6/35 HPs)
             Began as a Vampire Fighter on Mar 23, 2024.
             Mangled by a black bear (10 damage)
             ... on level 4 of the Dungeon.
             The game lasted 00:06:42 (1669 turns).

AstroCodex24 the Shield-Bearer (Vampire Fighter)    Turns: 1669, Time: 00:06:43

Health: -6/35      AC:  6    Str: 17    XL:     4   Next: 11%
Magic:  4/4        EV:  8    Int: 10    God:
Gold:   117        SH:  4    Dex: 13    Spells: 3/3 levels left

rFire   + . .        a - +0 war axe
rCold   + . .        c - +0 buckler
rNeg    . . .        b - +0 scale mail
rPois   .            (no helmet)
rElec   .            f - scarf {rC+ rF+}
rCorr   .            (no gloves)
SInv    +            (no boots)
Will    .....        (no amulet) Stlth
                     (no ring)
HPRegen 0.45/turn    (no ring)
MPRegen 0.09/turn

%: no passive effects
@: healing quickly
A: alive, fangs 3, see invisible, vampiric 2
a: Exsanguinate


You were on level 4 of the Dungeon.
You visited 1 branch of the dungeon, and saw 4 of its levels.

You collected 117 gold pieces.

Inventory:

Hand Weapons
 a - a +0 war axe (weapon)
Armour
 b - a +0 scale mail (worn)
 c - a +0 buckler (worn)
 f - a scarf of resistance (worn)
Talismans
 o - a maw talisman
Scrolls
 h - a scroll of teleportation
 i - a scroll of noise {unknown}
 j - a scroll of poison {unknown}
 k - a scroll of enchant armour {unknown}
 l - a scroll of identify {unknown}
 n - a scroll of vulnerability {unknown}
Potions
 d - 2 potions of might
 e - a potion of curing {unknown}
 g - 2 potions of resistance {unknown}
 m - a potion of mutation {unknown}


   Skills:
 + Level 3.0 Fighting
 + Level 2.7 Axes
 + Level 2.9 Armour
 + Level 0.5 Dodging
 + Level 3.1 Shields


You had 3 spell levels left.
You didn't know any spells.
Your spell library was empty.

Dungeon Overview and Level Annotations

Branches:
Dungeon (4/15)
 Temple: D:4-7

Altars:


Innate Abilities, Weirdness & Mutations

Your natural rate of healing is accelerated.
You have razor-sharp teeth.
You have supernaturally acute eyesight. (SInv)
You are afflicted with vampirism and can become a bat while bloodless.


Message History

You slash the ball python!
You kill the ball python!
You hit the black bear.
The black bear is lightly wounded.
The black bear bites you but does no damage.
The black bear claws you. x2; The black bear bites you.
The black bear closely misses you.
The black bear claws you but does no damage.
You hit the black bear. You bite the black bear.
The black bear is heavily wounded.
The black bear bites you.
The black bear claws you but does no damage.
The black bear claws you.
You slash the black bear!
The black bear is almost dead.
You block the black bear's attack.
The black bear claws you but does no damage. x2
You hit the black bear.
The black bear is almost dead.
The black bear barely misses you. The black bear closely misses you.
The black bear barely misses you.
The black bear goes berserk!
You barely miss the black bear.
The black bear is almost dead.
The black bear barely misses you.
The black bear claws you but does no damage.
The black bear claws you. You block the black bear's attack.
The black bear claws you. x2
You closely miss the black bear.
The black bear is almost dead.
The black bear bites you.
* * * LOW HITPOINT WARNING * * *
The black bear claws you but does no damage. x2
You block the black bear's attack.
The black bear claws you but does no damage.
The black bear claws you.
* * * LOW HITPOINT WARNING * * *
You barely miss the black bear.
The black bear is almost dead.
The black bear bites you!
You die...

... . ... . #..
.# ##.###.# ##
##......#
...##......
......<..#####..
......h@/.....>.
..........###...
........<.#
.........##
...##...## ##
#####


You could see a black bear (berserk).

Vanquished Creatures
  2 adders (D:2)
  4 dart slugs
  2 ribbon worms (D:2)
  An orc (D:3)
  5 endoplasms
  2 giant cockroaches
  4 goblins
  A hobgoblin (D:3)
  2 quokkas
  7 ball pythons
  4 bats
  A frilled lizard (D:2)
  6 kobolds
  3 rats
44 creatures vanquished.

Notes
Turn   | Place    | Note
-------+----------+-------------------------------------------
     0 | D:1      | AstroCodex24 the Vampire Fighter began the quest for the
                  | Orb.
     0 | D:1      | Reached XP level 1. HP: 17/17 MP: 1/1
    91 | D:1      | Found a faded altar of an unknown god.
    91 | D:1      | Noticed an ice devil
   120 | D:1      | Reached XP level 2. HP: 23/23 MP: 2/2
   352 | D:2      | Gained mutation: You are afflicted with vampirism and can
                  | become a bat while bloodless. [Vampire growth]
   352 | D:2      | Reached XP level 3. HP: 9/29 MP: 3/3
  1328 | D:3      | Reached XP level 4. HP: 26/35 MP: 4/4
  1658 | D:4      | Noticed a black bear
  1669 | D:4      | Mangled by a black bear

Illustrated notes

Levels and vault maps discovered:
D:1:      eino_arrival_druids_welcome, layout_loops_ring,
          dreamdust_ecumenical_altar_sealed_demon
D:2:      layout_loops_ring, kennysheep_small_spiral, minmay_divided_ellipse
D:3:      layout_basic
D:4:      layout_rooms, elyvilon_altar_1, serial_curves, eino_curves_02,
          eino_curves_03, eino_curves_04, eino_curves_01

Skill      XL: |  1  2 |
---------------+-------+-----
Shields        | 3 |  3.1
Axes           | 2 |  2.7
Fighting       | 3 |  3.0
Armour         | |  2.9
Dodging        | |  0.5

Action                     |  1- 3 |  4- 6 || total
---------------------------+-------+-------++-------
  Melee: War axe           |   103 |    26 ||   129
         Bite              |    10 |     3 ||    13
    Use: Scroll            |     5 |       ||     5
 Armour: Scale mail        |   160 |    51 ||   211
  Dodge: Dodged            |    67 |    13 ||    80
  Block: Buckler           |    37 |     7 ||    44

Table legend: (Time is in decaauts)
 A = Elapsed time spent in this place.
 B = Non-inter-level travel time spent in this place.
 C = Inter-level travel time spent in this place.
 D = Time resting spent in this place.
 E = Time spent auto-exploring this place.
 F = Levels seen in this place.
 G = Mean time per level.
                   A        B        C        D        E       F      G
               +--------+--------+--------+--------+--------+-----+--------+
         Total |   1723 |   1518 |    205 |      0 |      0 |   4 |  430.8 |
       Dungeon |   1723 |   1518 |    205 |      0 |      0 |   4 |  430.8 |
               +--------+--------+--------+--------+--------+-----+--------+

Top non-repeatable levels by time:
     D:2: 1002 daAuts
     D:3: 564 daAuts
     D:1: 138 daAuts
     D:4: 17 daAuts
